 Dungeon Sprint DCSS version 0.30-a0-424-g7412bad402 (webtiles) character file.

Game seed: 8957801555852547479

17717 rocky1 the Merfolkian Blade (level 12, -9/108 HPs)
             Began as a Merfolk Gladiator on Dec 9, 2022.
             Was an Initiate of Gozag.
             Mangled by an orc warlord
             ... wielding a +2 vampiric great sword
              (42 damage)
             ... in the Dungeon (Sprint VII: "The Pits").
             The game lasted 00:13:49 (3692 turns).

rocky1 the Merfolkian Blade (Merfolk Gladiator)     Turns: 3692, Time: 00:13:50

Health: -9/108     AC: 20    Str: 15    XL:     12   Next: 50%
Magic:  12/12      EV: 22    Int: 10    God:    Gozag
Gold:   1022       SH:  9    Dex: 26    Spells: 11/11 levels left

rFire   + + +      SeeInvis .    u - +2 scimitar (flame)
rCold   + . .      Faith    .    v - +1 buckler {rF+}
rNeg    + . .      Spirit   .    w - +0 pearl dragon scales of the Bulwark {rF+ rN+}
rPois   +          Reflect  .    c - +0 helmet
rElec   +          Harm     .    q - +0 cloak
rCorr   +          Rampage  .    o - +1 pair of gloves {Dex+3}
Will    .....      NoTele   +    (no boots)
Stlth   ..........               C - amulet of the acrobat
HPRegen 0.38/turn                b - +3 ring of intelligence
MPRegen 0.13/turn                r - +3 ring of dexterity

@: mighty, resistant, gold aura, hasted, very quick
A: (nimble swimmer 2), mertail
a: Renounce Religion, Potion Petition, Call Merchant, Bribe Branch


You were in the Dungeon.
You worshipped Gozag.
Gozag was most pleased with you.
You visited 1 branch You collected 7496 gold pieces.
You spent 3075 gold pieces at shops.
You paid 3399 gold pieces to Gozag.

Inventory:

Hand Weapons
 u - a +2 scimitar of flaming (weapon)
Missiles
 d - 3 throwing nets
 e - a javelin
 p - 2 curare-tipped darts (quivered)
Armour
 a - the +0 scale mail of Fuiqal {Str+2}
   (You bought it in a shop in the Dungeon)

   Str:       It affects your strength (+2).
 c - a +0 helmet (worn)
 o - a +1 pair of gloves of dexterity (worn)
 q - a +0 cloak (worn)
 v - a +1 buckler of fire resistance (worn)
 w - the +0 pearl dragon scales of the Bulwark (worn) {rF+ rN+}
   (You bought it in a shop in the Dungeon)

   rF:        It protects you from fire.
   rN:        It protects you from negative energy.
Jewellery
 b - a +3 ring of intelligence (left hand)
 r - a +3 ring of dexterity (right hand)
 C - an amulet of the acrobat (around neck)
 D - a ring of ice
 F - a ring of positive energy
Scrolls
 m - 5 scrolls of amnesia
 n - a scroll of summoning
 x - 2 scrolls of enchant armour
 y - 2 scrolls of enchant weapon
 z - 2 scrolls of butterflies
 A - 3 scrolls of identify
 B - 3 scrolls of fear
Potions
 f - 10 potions of curing
 g - 7 potions of heal wounds
 h - a potion of haste
 i - 4 potions of magic
 j - 2 potions of berserk rage
 l - 2 potions of invisibility
 t - 2 potions of mutation
 E - a potion of flight
 H - 2 potions of brilliance


   Skills:
 + Level 14.8 Fighting
 + Level 22.1 Long Blades
 - Level 2.0 Throwing
 + Level 10.5 Armour
 + Level 17.7 Dodging
 + Level 11.3 Shields


You had 11 spell levels left.
You didn't know any spells.
Your spell library was empty.

Dungeon Overview and Level Annotations

Branches:
Dungeon (1/1)

Altars:
Ashenzari
Cheibriados
Dithmenos
Elyvilon
Fedhas
Gozag
Hepliaklqana
Kikubaaqudgha
Makhleb
Nemelex Xobeh
Okawaru
Qazlal
Ru
Sif Muna
Trog
Uskayaw
Vehumet
Wu Jian
Xom
Yredelemnul
Zin
The Shining One
Jiyva
Lugonu

Shops:
D [((


Innate Abilities, Weirdness & Mutations

((You are very nimble when in or above water. (Stealth+, EV+, Speed+++)))
Your lower body shifts to a powerful aquatic tail in water.


Message History

The orc warlord is distracted by your dazzling golden aura.
The orc warlord shouts!
You slash the wolf spider! You burn the wolf spider.
The wolf spider is severely wounded.
Unknown command.
You hit the orc knight. You burn the orc knight.
The orc knight is moderately wounded.
The wolf spider misses you. x2
You slice the orc knight!! You burn the orc knight.
The orc knight is severely wounded.
The orc warlord no longer looks unusually strong.
The orc warlord is no longer distracted by gold.
The orc warlord looks even sicker.
The orc warlord is engulfed in poison gas.
The orc warlord looks as sick as possible!
The wolf spider misses you. The wolf spider completely misses you.
You slice the wolf spider!! You burn the wolf spider.
You kill the wolf spider!
Unknown command.
You closely miss the orc warlord.
The orc warlord is lightly wounded.
The orc knight is engulfed in poison gas.
The orc knight looks as sick as possible!
The orc knight roars a battlecry!
The orc warlord goes into a battle-frenzy!
The orc knight is engulfed in poison gas.
The orc knight is poisoned.
You slice the orc warlord!! You burn the orc warlord.
The orc warlord is moderately wounded.
You barely miss the orc warlord.
The orc warlord is moderately wounded.
The orc knight is engulfed in poison gas.
The orc knight looks as sick as possible!
The orc knight is engulfed in poison gas.
The orc knight looks even sicker.
The orc warlord is engulfed in poison gas.
The orc warlord looks as sick as possible!
The orc warlord hits you with a +2 vampiric great sword!!!
You die...
Your body crumbles into a pile of gold.

###++####++# #++#
#++###############
#......##§☼§..............
#.#+##.##§○☼.[.o..o..o.... #.
.##§o##############' # ##o○# .
#§§# . ####### #oo# . ..##..#
#@§# . ..##..# #$☼# o ..''..#
#§☼# o ..''..##########§§#
..##...........§§§#
..##.........).§§§#
################### ########
##### #############
#......###...####..'.....'))##


You could see 2 orc warlords and 2 orc knights.

Vanquished Creatures
  Saint Roka (D)
  A vampire knight (D)
  A vault guard (D)
  2 death knights (D)
  A boulder beetle (D)
  A death yak (D)
  An orc high priest (D)
  A flayed ghost (D)
  A phantasmal warrior (D)
  A necromancer (D)
  A wolf spider (D)
  2 orc sorcerers (D)
  A cyclops (D)
  3 elephants (D)
  2 gargoyles (D)
  Psyche (D)
  A demonic crawler (D)
  2 freezing wraiths (D)
  An ice devil (D)
  A merfolk (D)
  A tyrant leech (D)
  A tarantella (D)
  A hornet (D)
  8 blink frogs (D)
  A polar bear (D)
  A spriggan (D)
  2 ynoxinuls (D)
  A basilisk (D)
  A wyvern (D)
  2 fire bats (D)
  A steam dragon (D)
  A redback (D)
  3 wargs (D)
  2 vampire mosquitoes (D)
  An acid dragon (D)
  A floating eye (D)
  4 orc warriors (D)
  An ice beast (D)
  2 black bears (D)
  A wolf (D)
  A kobold brigand (D)
  2 scorpions (D)
  A crimson imp (D)
  A hound (D)
  An orc priest (D)
  A gnoll bouda (D)
  3 orc wizards (D)
  An iguana (D)
  A hell rat (D)
  4 gnolls (D)
  An adder (D)
  A river rat (D)
  2 white imps (D)
  2 ufetubi (D)
  An adder skeleton (D)
  6 orcs (D)
  A bat skeleton (D)
  A giant cockroach (D)
  A goblin (D)
  3 jackals (D)
  A ball python (D)
  2 ball python simulacra (D)
  A ball python skeleton (D)
  2 ball python zombies (D)
  A giant cockroach zombie (D)
  A kobold (D)
  A quokka skeleton (D)
  2 rats (D)
108 creatures vanquished.

Vanquished Creatures (others)
  2 orcs (D)
  A bat simulacrum (D)
3 creatures vanquished.

Grand Total: 111 creatures vanquished

Notes
Turn   | Place    | Note
-------+----------+-------------------------------------------
     0 | D        | rocky1 the Merfolk Gladiator began the quest for the Orb.
     0 | D        | Reached XP level 1. HP: 16/16 MP: 1/1
    16 | D        | Reached skill level 6 in Long Blades
    16 | D        | Reached XP level 2. HP: 18/22 MP: 2/2
    43 | D        | Found a bloodstained altar of Trog.
    43 | D        | Found a shimmering blue altar of Sif Muna.
    43 | D        | Found a viscous altar of Jiyva.
    43 | D        | Found a hazy altar of Hepliaklqana.
    43 | D        | Found an opulent altar of Gozag.
    44 | D        | Found a glowing golden altar of the Shining One.
    44 | D        | Found a glowing silver altar of Zin.
    44 | D        | Found a basalt altar of Yredelemnul.
    44 | D        | Found a shimmering altar of Xom.
    44 | D        | Found an ornate altar of the Wu Jian Council.
    44 | D        | Found a sacrificial altar of Ru.
    44 | D        | Found a stormy altar of Qazlal.
    44 | D        | Found an iron altar of Okawaru.
    44 | D        | Found a sparkling altar of Nemelex Xobeh.
    44 | D        | Found a burning altar of Makhleb.
    44 | D        | Found a blossoming altar of Fedhas.
    44 | D        | Found a white marble altar of Elyvilon.
    44 | D        | Found a shadowy altar of Dithmenos.
    44 | D        | Found a snail-covered altar of Cheibriados.
    47 | D        | Found a corrupted altar of Lugonu.
    47 | D        | Found a radiant altar of Vehumet.
    48 | D        | Found an ancient bone altar of Kikubaaqudgha.
    48 | D        | Found a hide-covered altar of Uskayaw.
    48 | D        | Found a broken altar of Ashenzari.
    53 | D        | Became a worshipper of Gozag Ym Sagoz the Greedy
    65 | D        | Noticed a floating eye
    70 | D        | Killed a floating eye
    71 | D        | Reached skill level 11 in Long Blades
    71 | D        | Reached XP level 3. HP: 27/27 MP: 3/3
    71 | D        | Reached XP level 4. HP: 33/33 MP: 4/4
    96 | D        | Noticed a scorpion
    96 | D        | Noticed a kobold brigand
   118 | D        | Killed a kobold brigand
   119 | D        | Reached skill level 13 in Long Blades
   119 | D        | Reached XP level 5. HP: 38/38 MP: 5/5
   151 | D        | Reached skill level 14 in Long Blades
   151 | D        | Reached XP level 6. HP: 28/44 MP: 6/6
   282 | D        | Noticed a warg
   287 | D        | Noticed a black bear
   296 | D        | HP: 2/44 [warg (7)]
   303 | D        | Killed a warg
   304 | D        | Reached skill level 16 in Long Blades
   320 | D        | Killed a black bear
   321 | D        | Reached skill level 1 in Armour
   321 | D        | Reached skill level 5 in Dodging
   321 | D        | Reached XP level 7. HP: 52/52 MP: 7/7
   393 | D        | Reached skill level 5 in Fighting
   393 | D        | Reached skill level 17 in Long Blades
   420 | D        | Noticed a cyclops
   430 | D        | Killed a cyclops
   431 | D        | Reached XP level 8. HP: 28/65 MP: 8/8
   853 | D        | Bought 2 curare-tipped darts for 15 gold pieces
   858 | D        | Noticed a gargoyle
   859 | D        | Noticed an elephant
   871 | D        | Killed an elephant
   872 | D        | Reached skill level 18 in Long Blades
   872 | D        | Reached skill level 5 in Armour
   872 | D        | Reached skill level 10 in Dodging
   879 | D        | Killed a gargoyle
   880 | D        | Reached XP level 9. HP: 47/75 MP: 9/9
   895 | D        | Bought a dazzling scale mail for 216 gold pieces
   895 | D        | Identified the +0 scale mail of Fuiqal {Str+2} (You bought
                  | it in a shop in the Dungeon)
   895 | D        | Bought a pair of glowing gloves for 180 gold pieces
  1154 | D        | Bought a shiny buckler for 180 gold pieces
  1307 | D        | Noticed a freezing wraith
  1307 | D        | Noticed a tyrant leech
  1307 | D        | Noticed an ice devil
  1310 | D        | Reached skill level 1 in Shields
  1329 | D        | Killed an ice devil
  1330 | D        | Reached skill level 19 in Long Blades
  1334 | D        | Killed a freezing wraith
  1335 | D        | Reached skill level 10 in Fighting
  1335 | D        | Reached XP level 10. HP: 85/85 MP: 10/10
  1462 | D        | Noticed Psyche
  1467 | D        | Killed Psyche
  1468 | D        | Reached skill level 5 in Shields
  1483 | D        | Noticed a phantasmal warrior
  1494 | D        | Killed a phantasmal warrior
  1596 | D        | Noticed a flayed ghost
  1605 | D        | Killed a flayed ghost
  1655 | D        | Noticed an elephant
  1656 | D        | Noticed a necromancer
  1674 | D        | Killed an elephant
  1675 | D        | Reached skill level 20 in Long Blades
  1679 | D        | Killed a necromancer
  1708 | D        | Noticed a spriggan rider
  1760 | D        | Reached XP level 11. HP: 18/95 MP: 11/11
  2431 | D        | Bought spiked pearl dragon scales for 2484 gold pieces
  2431 | D        | Identified the +0 pearl dragon scales of the Bulwark {rF+
                  | rN+} (You bought it in a shop in the Dungeon)
  2511 | D        | Reached skill level 15 in Dodging
  2515 | D        | Noticed a death yak
  2524 | D        | Killed a death yak
  2525 | D        | Noticed a vault guard
  2538 | D        | Killed a vault guard
  2740 | D        | Noticed a death knight
  2753 | D        | Killed a death knight
  2754 | D        | Reached skill level 21 in Long Blades
  2944 | D        | Noticed a death knight
  2971 | D        | Killed a death knight
  3236 | D        | Noticed a boulder beetle
  3246 | D        | Killed a boulder beetle
  3256 | D        | Noticed an orc sorcerer
  3257 | D        | Noticed an orc sorcerer
  3259 | D        | Noticed an orc high priest
  3263 | D        | Killed an orc sorcerer
  3264 | D        | Reached skill level 10 in Shields
  3264 | D        | Reached XP level 12. HP: 102/106 MP: 12/12
  3272 | D        | Noticed Saint Roka
  3274 | D        | Killed an orc high priest
  3291 | D        | Reached skill level 10 in Armour
  3324 | D        | Killed Saint Roka
  3325 | D        | Reached skill level 22 in Long Blades
  3648 | D        | Noticed an orc warlord
  3648 | D        | Noticed an orc warlord
  3649 | D        | Noticed a vampire knight
  3667 | D        | HP: 5/108 [something (22)]
  3683 | D        | Killed a vampire knight
  3692 | D        | Mangled by an orc warlord

Illustrated notes

Levels and vault maps discovered:
D:        pitsprint [storerooms_1, entrance_room_1, metal_vault_3, armoury_2,
          mini_pit_1, grid_room_1, main_hall_1, silver_pit, the_coven_3,
          the_vestibule_1, steel_vault_5, golden_pit, hallway_of_sentries,
          crystal_vault_2, iron_vault_1, final_vault]

Skill      XL: |  1  2  3  4  5  6  7  8  9 10 11 12 |
---------------+-------------------------------------+-----
Long Blades    | 6 11 13 14 16 17 18 19 20 21 22 | 22.1
Fighting       | 3 6 8 10 11 13 14 | 14.8
Armour         | 1 4 5 6 8 9 10 | 10.5
Dodging        | 5 8 10 12 14 16 17 | 17.7
Shields        | 4 7 10 11 | 11.3
Throwing       | |  2.0

Action                   |  1- 3 |  4- 6 |  7- 9 | 10-12 || total
-------------------------+-------+-------+-------+-------++-------
Melee: Long sword        |     2 |    30 |    73 |       ||   105
       Falchion          |     6 |    23 |       |       ||    29
       Scimitar          |       |       |    38 |   289 ||   327
Throw: Dart              |       |       |       |     3 ||     3
Invok: Call Merchant     |       |       |     2 |     1 ||     3
       Potion Petition   |       |       |     1 |     3 ||     4
  Use: Potion            |       |     3 |     1 |     9 ||    13
       Scroll            |       |       |       |     2 ||     2
 Stab: Sleeping          |       |     1 |       |       ||     1
       Distracted        |       |     2 |       |     3 ||     5
       Invisible         |       |       |       |    12 ||    12
Armor: Leather armour    |     1 |     3 |       |       ||     4
       Ring mail         |       |     4 |    21 |       ||    25
       Scale mail        |       |       |     1 |    22 ||    23
       Pearl dragon scal |       |       |       |    20 ||    20
Dodge: Dodged            |     2 |    20 |    43 |   190 ||   255
Block: Buckler           |       |       |     8 |   100 ||   108

Table legend: (Time is in decaauts)
 A = Elapsed time spent in this place.
 B = Non-inter-level travel time spent in this place.
 C = Inter-level travel time spent in this place.
 D = Time resting spent in this place.
 E = Time spent auto-exploring this place.
 F = Levels seen in this place.
 G = Mean time per level.
                   A        B        C        D        E       F      G
               +--------+--------+--------+--------+--------+-----+--------+
         Total |   3569 |   3281 |    288 |   1863 |      0 |   1 | 3569.0 |
       Dungeon |   3569 |   3281 |    288 |   1863 |      0 |   1 | 3569.0 |
               +--------+--------+--------+--------+--------+-----+--------+

Top non-repeatable levels by time:
       D: 3569 daAuts
